 Dungeon Crawl Stone Soup version 0.29.1-13-g9f3cf754e1 (webtiles) character file.

Game seed: 10243655423873008838

32 theswoord the Chiller (level 3, -5/31 HPs)
             Began as a Naga Ice Elementalist on Feb 1, 2023.
             Slain by a gnoll
             ... wielding a +0 halberd
              (15 damage)
             ... on level 2 of the Dungeon.
             The game lasted 00:03:50 (2241 turns).

theswoord the Chiller (Naga Ice Elementalist)       Turns: 2241, Time: 00:03:51

Health: -5/31      AC:  2    Str: 10    XL:     3   Next: 25%
Magic:  3/6        EV:  5    Int: 17    God:
Gold:   62         SH:  0    Dex: 11    Spells: 3/7 levels left

rFire   . . .      SeeInvis +   i - +0 whip
rCold   . . .      Faith    .   (no shield)
rNeg    . . .      Spirit   .   a - +0 robe
rPois   +          Reflect  .   (no helmet)
rElec   .          Harm     .   (no cloak)
rCorr   .          Rampage  .   (no gloves)
Will    .....                   (no barding)
Stlth   ++........              (no amulet)
HPRegen 0.10/turn               (no ring)
MPRegen 0.10/turn               (no ring)

@: freezing walls, held, very slow
A: AC +1, large, see invisible, deformed body, poison resistance, slowness 2,
spit poison 1, naga tail 1
a: Spit Poison


You were on level 2 of the Dungeon.
You visited 1 branch of the dungeon, and saw 2 of its levels.

You collected 62 gold pieces.

Inventory:

Hand Weapons
 i - a +0 whip (weapon)
Armour
 a - a +0 robe (worn)
 j - +0 fire dragon scales
Scrolls
 k - a scroll of blinking {unknown}
Potions
 b - a potion of magic
 c - a potion of ambrosia {unknown}
 d - 2 potions of berserk rage {unknown}
 e - 3 potions of flight {unknown}
 f - 2 potions of invisibility {unknown}
 g - 2 potions of lignification {unknown}
 h - a potion of mutation {unknown}


   Skills:
 + Level 1.4 Fighting
 - Level 1.5 Dodging
 - Level 3.0 Stealth
 + Level 2.5 Spellcasting
 + Level 4.3 Ice Magic


You had 3 spell levels left.
You knew the following spells:

 Your Spells              Type           Power      Damage    Failure   Level
a - Freeze                Ice            64%        1d8       3%          1
b - Frozen Ramparts       Ice            32%        1d5       10%         3

Your spell library contained the following spells:

 Spells                   Type           Power      Damage    Failure   Level
 Ozocubu's Armour         Ice            16%        N/A       10%         3
 Apportation              Tloc           4%         N/A       19%         1
 Necrotise                Necr           8%         1d4       19%         1
 Summon Small Mammal      Summ           8%         N/A       19%         1
 Sublimation of Blood     Necr           2%         N/A       28%         2
 Hailstorm                Conj/Ice       9%         3d4       58%         4
 Petrify                  Tmut/Erth      2%         N/A       88%         4
 Irradiate                Conj/Tmut      1%         3d12      99%         5


Dungeon Overview and Level Annotations

Branches:
Dungeon (2/15)

Altars:


Innate Abilities, Weirdness & Mutations

Your serpentine skin is tough. (AC +1)
You have supernaturally acute eyesight. (SInv)
Armour fits poorly on your strangely shaped body.
Your system is resistant to poisons. (rPois)
You cover ground very slowly.
You can spit poison.
You have a snake-like lower body.


Message History

You kill the kobold!
HP restored.
k - a scroll labelled URGHI MITWOISA You see here a quokka skeleton.
There is an escape hatch in the floor, spattered with blood here.
e - 3 sedimented coppery potions (gained 2)
There is an open door here.
There is an open door here. 4 gnolls come into view.
There are monsters nearby!
There are monsters nearby!
There are monsters nearby!
This spell is quite dangerous to cast!
Memorise Frozen Ramparts, consuming 3 spell levels and leaving 3?
You start memorising the spell.
You continue memorising. x3
You finish memorising.
Spell assigned to 'b'.
Casting: Freeze (safe; 3% risk of failure)
Confirm with . or Enter, or press ? or * to list all spells.
Okay, then.
Casting: Freeze (safe; 3% risk of failure)
Confirm with . or Enter, or press ? or * to list all spells.
The spell is quite dangerous to miscast (10% risk of failure)!
Continue anyway?
Casting: Frozen Ramparts (quite dangerous; 10% risk of failure)
Press: ? - help, Dir - look around, f - activate The walls around you are covered in ice.
The gnoll shouts!
The gnoll throws a throwing net.
The throwing net hits you.
You become entangled in the net!
The gnoll shouts!
The gnoll hits you from afar with a +0 halberd!
The wall freezes the gnoll.
The gnoll hits you from afar with a +0 halberd.
The wall freezes the gnoll.
The gnoll hits you from afar with a +0 halberd.
* * * LOW HITPOINT WARNING * * *
The gnoll hits you from afar with a +0 halberd.
* * * LOW HITPOINT WARNING * * *
The wall freezes the gnoll.
The gnoll closely misses you.
The gnoll hits you from afar with a +0 halberd!
You die...

#.# #.# .#
#.# .####
#.# ....#
#.#######
....#
#.......#
g...#
#######.#
gg..#
##.##....#
#...@g...+
#........#
#........#
#.....####
#.....#
#......
#.....##
...#.##


You could see 4 gnolls.

Vanquished Creatures
  A worm (D:2)
  3 ball pythons (D:1)
  A bat (D:1)
  An endoplasm (D:1)
  2 goblins (D:1)
  3 hobgoblins
  4 jackals (D:1)
  5 kobolds
  2 quokkas
  2 frilled lizards (D:1)
  A rat (D:1)
25 creatures vanquished.

Notes
Turn   | Place    | Note
-------+----------+-------------------------------------------
     0 | D:1      | theswoord the Naga Ice Elementalist began the quest for the
                  | Orb.
     0 | D:1      | Reached XP level 1. HP: 15/15 MP: 3/3
   828 | D:1      | Reached XP level 2. HP: 19/24 MP: 1/5
  1041 | D:1      | Reached skill level 1 in Fighting
  1214 | D:1      | Found a faded altar of an unknown god.
  1750 | D:1      | Reached XP level 3. HP: 30/31 MP: 6/6
  2229 | D:2      | Learned a level 3 spell: Frozen Ramparts
  2241 | D:2      | Slain by a gnoll

Skill      XL: |  1  2 |
---------------+-------+-----
Fighting       | 1 |  1.4
Dodging        | |  1.5
Stealth        | |  3.0
Spellcasting   | |  2.5
Ice Magic      | |  4.3

Action                   || total
-------------------------++-------
Melee: Unarmed           ||    24
       Whip              ||     5
 Cast: Freeze            ||    32
       Frozen Ramparts   ||     1
 Abil: Spit Poison       ||     4
  Use: Scroll            ||     1
 Stab: Sleeping          ||     4
Armor: Robe              ||     1
Dodge: Dodged            ||    22

Levels and vault maps discovered:
D:1:      minmay_arrival_checkered_box, layout_loops_corners,
          dilly_ecumenical_altar_fadedgnrine, minmay_ruptured
D:2:      layout_basic, st_stairs_13, minmay_heptomino_l4, uniq_jessica,
          uniq_sigmund, uniq_terence
